 Dungeon Crawl Stone Soup version 0.24.0-2-g5b39cebb1c (webtiles) character file.

Game seed: 9924268709696411723, levelgen mode: deterministic

14 Katsumi the Scratcher (level 2, 0/13 HPs)
             Began as a Felid Transmuter on Oct 29, 2019.
             Slain by a leopard gecko (3 damage)
             ... on level 1 of the Dungeon.
             The game lasted 00:01:04 (690 turns).

Katsumi the Scratcher (Felid Transmuter)             Turns: 690, Time: 00:01:04

Health: 0/13       AC:  1    Str:  6    XL:     2   Next: 27%
Magic:  6/6        EV: 18    Int: 14    God:
Gold:   70         SH:  0    Dex: 16    Spells: 4/5 levels left
                                        Lives:  0   Deaths: 0

rFire    . . .     SeeInvis +     - Unarmed
rCold    . . .     Gourm    .   (shield unavailable)
rNeg     . . .     Faith    .   (armour unavailable)
rPois    .         Spirit   .   (helmet unavailable)
rElec    .         Reflect  .   (cloak unavailable)
rCorr    .         Harm     .   (gloves unavailable)
MR       .....                  (boots unavailable)
Stlth    ++........             (no amulet)
HPRegen  0.04/turn              (no ring)
MPRegen  0.10/turn              (no ring)

@: appendage (expiring), quick
A: very small, no armour, no weapons or thrown items, stealth, claws 1, fangs 3,
horns 2, see invisible, carnivore, speed 1, shaggy fur 1, slow metabolism 1,
sharp paws
a: End Transformation


You were on level 1 of the Dungeon.
You were full.
You had grown temporary horns.
You visited 1 branch of the dungeon, and saw 3 of its levels.

You collected 70 gold pieces.

Inventory:

Missiles
 a - 12 arrows
Jewellery
 j - an uncursed ring of ice
Scrolls
 h - a scroll of magic mapping {unknown}
Potions
 b - 2 potions of might {unknown}
 d - 3 potions of curing {unknown}
 e - a potion of ambrosia {unknown}
 f - a potion of haste {unknown}
 g - a potion of lignification {unknown}
 i - a potion of heal wounds {unknown}
Comestibles
 c - 6 rations


   Skills:
 + Level 2.3 Fighting
 - Level 2.6 Dodging
 - Level 3.0 Unarmed Combat
 - Level 2.0 Spellcasting
 - Level 2.1 Transmutations


You had 4 spell levels left.
You knew the following spells:

 Your Spells              Type           Power        Failure   Level  Hunger
a - Beastly Appendage     Tmut           #.....       10%         1    ##.....

Your spell library contained the following spells:

 Spells                   Type           Power        Failure   Level  Hunger
 Sticks to Snakes         Tmut           #.......     14%         2    ###....
 Spider Form              Tmut/Pois      #.........   41%         3    ####...
 Ice Form                 Ice/Tmut       #.......     83%         4    #####..
 Blade Hands              Tmut           #.........   95%         5    ######.


Dungeon Overview and Level Annotations

Branches:
Dungeon (3/15)

Altars:


Innate Abilities, Weirdness & Mutations

You cannot wear armour.
You are incapable of wielding weapons or throwing items.
Your paws allow you to move quietly. (Stealth)
You have sharp claws.
You have razor-sharp teeth.
You have supernaturally acute eyesight. (SInv)
You are carnivorous and can eat meat at any time.
You cover ground quickly.
You are covered in fur. (AC +1)
You have a slow metabolism.
Your sharp claws are effective at attacking unaware monsters.
You have a pair of horns on your head.


Message History

The leopard gecko barely misses you. The leopard gecko bites you.
The dart slug closely misses you.
Unknown command.
You scratch the dart slug.
The dart slug is moderately wounded.
The leopard gecko barely misses you.
Unknown command.
You scratch the dart slug but do no damage.
You headbutt the dart slug.
The dart slug is severely wounded.
The dart slug bites you.
* * * LOW HITPOINT WARNING * * *
The leopard gecko misses you.
Unknown command.
Unknown command.
You scratch the dart slug but do no damage.
You bite the dart slug.
You kill the dart slug!
The leopard gecko bites you.
You die...

#.#.....### #....####
..........###.......#
...######..#........#
.# ###..........#
#....#.......#
#..##.######### #.#
#..)####### #.
###.).....# .
#.@.....# .
#.(....l†....#
#####........#
##..!....# #.......#
#.......# #.......#
#.......#


You could see a leopard gecko.

Vanquished Creatures
  A dart slug (D:1)
  3 bats
  4 goblins (D:1)
  A hobgoblin (D:1)
  A frilled lizard (D:1)
  A rat (D:1)
11 creatures vanquished.

Notes
Turn   | Place    | Note
-------+----------+-------------------------------------------
     0 | D:1      | Katsumi the Felid Transmuter began the quest for the Orb.
     0 | D:1      | Reached XP level 1. HP: 9/9 MP: 4/4
    94 | D:1      | You fall into a shaft and drop 1 floor!
   619 | D:1      | Reached XP level 2. HP: 11/13 MP: 4/6
   690 | D:1      | Slain by a leopard gecko

Levels and vault maps discovered:
D:1:      saegor_arrival_simple_a, layout_rooms, minmay_misc_feat_x
D:2:      layout_rooms, nrook_campfire
D:3:      layout_loops_ring

Skill      XL: |  1 |
---------------+----+-----
Fighting       | 2 |  2.3
Dodging        | |  2.6
Unarmed Combat | |  3.0
Spellcasting   | |  2.0
Transmutations | |  2.1

Action                   || total
-------------------------++-------
Melee: Unarmed           ||    27
       Bite              ||     4
       Headbutt          ||     3
 Cast: Beastly Appendage ||     8
 Stab: Sleeping          ||     1
  Eat: Chunk             ||     4
Armor: Skin              ||     2
Dodge: Dodged            ||    31
